Philadelphia Flyers vs Los Angeles Kings

Created - Tuesday, September 2, 2025 at 08:00

Goals
1 2 3 T
Philadelphia Flyers 0 1 0 1
Los Angeles Kings 1 1 1 3
Shots
1 2 3 T
Philadelphia Flyers 13 15 8 36
Los Angeles Kings 8 15 14 37

1st period

1. Los Angeles Kings , Andrei Kuzmenko 6 (Jansen Harkins 5) at 17:56

Penalties :
No Penalty

2nd period

2. Philadelphia Flyers , Colton Sissons 12 (Jeff Skinner 13, Cody Glass 16) at 10:23 (PP)
3. Los Angeles Kings , Andrei Svechnikov 9 (Seth Jarvis 14, Matthew Boldy 21) at 10:54 (PP)

Penalties :
Miles Wood (PHI) for Holding (Minor) at 3:11, K'Andre Miller (LAK) for Interference (Minor) at 9:30, Jack McBain (PHI) for High sticking (Minor) at 10:43, Evander Kane (LAK) for Slashing (Minor) at 11:21, J.J. Moser (PHI) for Roughing (Minor) at 18:36

3rd period

4. Los Angeles Kings , Mikey Eyssimont 4 (Owen Power 3, Alexander Romanov 5) at 15:38 (Empty Net)

Penalties :
Andrei Svechnikov (LAK) for Tripping (Minor) at 3:55, Casey Cizikas (PHI) for Hooking (Minor) at 6:25, Brandon Duhaime (PHI) for Diving (Minor) at 9:30, Casey Cizikas (PHI) for Hooking (Minor) at 12:14

Goalie Stats

Alexandar Georgiev (PHI), 34 saves from 36 shots - (0.944), L, 3-5-0, 59:46 minutes
Andrei Vasilevskiy (LAK), 35 saves from 36 shots - (0.972), W, 7-8-0, 60:00 minutes

Players Stats for Philadelphia Flyers

Player Name              G  A  P  +/- PIM S  H  SB GA TA FO     MP     PP MP  PK MP  
------------------------------------------------------------------------------------
Brandon Duhaime          0  0  0  -1  2   2  3  0  0  0  0/1    13:23   0:00   3:51 
Casey Cizikas            0  0  0  -1  4   0  4  1  0  0  1/1    11:40   0:00   0:00 
Cody Glass               0  1  1  -1  0   1  1  2  0  0  6/9    12:09   2:30   0:00 
Colton Sissons           1  0  1   0  0   3  3  1  0  0  11/15  18:28   2:30   4:55 
J.J. Moser               0  0  0   0  2   0  0  2  0  1  0/0    15:29   0:00   0:00 
Jack McBain              0  0  0  -1  2   5  3  2  1  1  0/1    18:00   0:00   5:11 
Jeff Skinner             0  1  1  -1  0   3  2  0  1  0  0/0    11:58   2:30   0:00 
Joel Edmundson           0  0  0  -1  0   1  1  0  0  1  0/0    23:30   2:52   4:54 
Juuso Parssinen          0  0  0   0  0   1  1  0  1  1  1/1    12:48   0:00   1:04 
Louis Crevier            0  0  0  -1  0   1  2  1  0  2  0/0    21:09   1:59   5:12 
Luca Del Bel Belluz      0  0  0  -1  0   1  4  0  0  1  8/16   13:53   2:21   0:00 
Marcus Johansson         0  0  0   0  0   4  0  0  0  0  0/0    13:22   2:21   0:00 
Miles Wood               0  0  0   0  2   6  2  0  0  0  0/0    12:37   0:00   0:00 
Nick Blankenburg         0  0  0  -1  0   0  1  2  0  0  0/0    23:27   1:59   5:12 
Radek Faksa              0  0  0   0  0   2  1  0  0  0  16/20  18:00   0:00   5:11 
Thomas Novak             0  0  0   0  0   3  0  0  1  0  1/2    13:22   2:21   0:00 
Will Borgen              0  0  0  -1  0   0  0  2  0  1  0/0    17:57   0:00   4:54 
Zac Jones                0  0  0   0  0   3  1  0  0  2  0/0    18:36   2:52   0:00 

Players Stats for Los Angeles Kings

Player Name              G  A  P  +/- PIM S  H  SB GA TA FO     MP     PP MP  PK MP  
------------------------------------------------------------------------------------
Adam Fantilli            0  0  0   0  0   4  1  0  0  2  5/22   19:23   5:08   2:36 
Alex Gallant             0  0  0   1  0   0  2  0  0  0  0/0     7:40   0:00   0:00 
Alexander Romanov        0  1  1   0  0   2  2  0  0  0  0/0    13:18   0:00   0:00 
Andrei Kuzmenko          1  0  1   1  0   1  0  0  0  0  0/0    12:53   0:00   0:09 
Andrei Svechnikov        1  0  1   0  2   1  0  1  1  0  0/1    19:53   4:58   1:31 
Brent Burns              0  0  0   1  0   1  2  1  0  0  0/0    23:10   5:08   2:18 
Cooper Marody            0  0  0   1  0   0  1  0  2  0  1/2     7:52   0:00   0:00 
Evander Kane             0  0  0   1  2   3  1  0  1  0  0/0    13:05   0:00   0:51 
Jansen Harkins           0  1  1   1  0   4  0  1  1  0  5/12   12:11   0:00   0:00 
K'Andre Miller           0  0  0   1  2   3  2  5  0  1  0/0    22:51   4:58   1:53 
Logan Cooley             0  0  0   0  0   4  2  0  0  0  4/5    19:45   5:08   2:29 
MacKenzie Weegar         0  0  0   1  0   4  1  2  2  0  0/0    23:32   4:58   2:33 
Matthew Boldy            0  1  1   0  0   3  0  0  0  0  1/2    20:04   4:58   2:06 
Mikey Eyssimont          1  0  1   1  0   2  0  0  1  0  0/2     7:40   0:00   0:00 
Morgan Geekie            0  0  0   0  0   2  3  0  0  0  0/0    16:43   5:08   0:00 
Owen Power               0  1  1   0  0   0  0  1  0  0  0/0    13:58   0:00   0:40 
Ryan Suter               0  0  0   1  0   1  0  2  2  1  0/0    23:10   5:08   2:18 
Seth Jarvis              0  1  1   0  0   2  1  2  0  0  6/20   17:58   4:58   0:00 

3 Stars

1 - Andrei Vasilevskiy (LAK)
2 - Mikey Eyssimont (LAK)
3 - Andrei Kuzmenko (LAK)

Power Play

Philadelphia Flyers - 1 on 3 Attempt(s) - 33.33%
Los Angeles Kings - 1 on 6 Attempt(s) - 16.67%

Penalty Kill

Philadelphia Flyers - 5 on 6 Attempt(s) - 83.33% - Score 0 goal in Penalty Kill
Los Angeles Kings - 2 on 3 Attempt(s) - 66.67% - Score 0 goal in Penalty Kill

Team Stat

Philadelphia Flyers - Hits : 29 - Faceoff Wins : 44 - Blocked Shots : 13 - Penalty Minutes : 12
Los Angeles Kings - Hits : 18 - Faceoff Wins : 22 - Blocked Shots : 15 - Penalty Minutes : 6

Official

Referees : Justin St. Pierre and Steve Kozari
Linesman : Travis Toomey and Brad Kovachik

Game Notes

Mikey Eyssimont has scored in a empty net!

Finance

Level 1 -- Attendance: 5900 (98.33%) -- Ticket Income $531,000
Level 2 -- Attendance: 4882 (97.64%) -- Ticket Income $244,100
Level 3 -- Attendance: 2984 (99.47%) -- Ticket Income $89,520
Level 4 -- Attendance: 5000 (100.00%) -- Ticket Income $100,000
Luxury Box -- Attendance: 892 (89.20%) -- Ticket Income $169,480
Game was played at the Staples Center.
Total Attendance: 19658 (98.29%)
Total Ticket Income: $1,134,100
Other Income: $396,935
Total Income: $1,531,035

Philadelphia Flyers

5 vs 5 Forward 
   Center                   Left Wing                Right Wing               Time % Phy DF OF 
 1 Colton Sissons           Thomas Novak             Marcus Johansson         25     1   2  2  
 2 Cody Glass               Jeff Skinner             Brandon Duhaime          25     1   2  2  
 3 Luca Del Bel Belluz      Jack McBain              Casey Cizikas            25     1   2  2  
 4 Radek Faksa              Juuso Parssinen          Miles Wood               25     1   2  2  

5 vs 5 Defense 
   Defense                  Defense                                           Time % Phy DF OF 
 1 Joel Edmundson           Nick Blankenburg                                  35     1   2  2  
 2 Zac Jones                J.J. Moser                                        35     1   2  2  
 3 Will Borgen              Louis Crevier                                     30     1   2  2  
 4 Joel Edmundson           Nick Blankenburg                                  0      1   2  2  

PowerPlay Forward 
   Center                   Left Wing                Right Wing               Time % Phy DF OF 
 1 Luca Del Bel Belluz      Thomas Novak             Marcus Johansson         50     1   2  2  
 2 Cody Glass               Jeff Skinner             Colton Sissons           50     1   2  2  

PowerPlay Defense
   Defense                  Defense                                           Time % Phy DF OF 
 1 Zac Jones                Joel Edmundson                                    50     1   2  2  
 2 Nick Blankenburg         Louis Crevier                                     50     1   2  2  

Penalty Kill 4 Players Forward 
   Center                   Wing                     Time % Phy DF OF 
 1 Colton Sissons           Brandon Duhaime          50     1   2  2  
 2 Radek Faksa              Jack McBain              50     1   2  2  

Penalty Kill 4 Players Defense
   Defense                  Defense                  Time % Phy DF OF 
 1 Louis Crevier            Nick Blankenburg         50     1   2  2  
 2 Will Borgen              Joel Edmundson           50     1   2  2  

Penalty Kill - 3 Players Forward 
   Forward                                           Time % Phy DF OF 
 1 Colton Sissons                                    50     1   2  2  
 2 Radek Faksa                                       50     1   2  2  

Penalty Kill - 3 Players Defense
   Defense                  Defense                  Time % Phy DF OF 
 1 Louis Crevier            Nick Blankenburg         50     1   2  2  
 2 Will Borgen              Joel Edmundson           50     1   2  2  

4 vs 4 Forward 
   Center                   Wing                     Time % Phy DF OF 
 1 Colton Sissons           Thomas Novak             50     1   2  2  
 2 Cody Glass               Jeff Skinner             50     1   2  2  

4 vs 4 Defense
   Defense                  Defense                  Time % Phy DF OF 
 1 Joel Edmundson           Nick Blankenburg         50     1   2  2  
 2 Zac Jones                J.J. Moser               50     1   2  2  

Last Minutes Offensive
   Center                   Left Wing                Right Wing               Defense                  Defense                  
   Luca Del Bel Belluz      Thomas Novak             Jeff Skinner             Nick Blankenburg         Louis Crevier            

Last Minutes Defensive
   Center                   Left Wing                Right Wing               Defense                  Defense                  
   Colton Sissons           Brandon Duhaime          Radek Faksa              Louis Crevier            Nick Blankenburg         

Goaltenders
Starting : Alexandar Georgiev       
Backup : Jake Allen               

Extra Forwards
Normal : Colton Sissons, Cody Glass, Marcus Johansson - PP : Thomas Novak, Jeff Skinner - PK : Colton Sissons
Extra Defensemen
Normal : Joel Edmundson, J.J. Moser, Will Borgen - PP : Louis Crevier - PK : Zac Jones, Nick Blankenburg
Penalty Shots
Thomas Novak, Jeff Skinner, Marcus Johansson, Cody Glass, Radek Faksa

Scratches
Henri Jokiharju (Healthy), Josh Mahura (Healthy), Dylan Roobroeck (Healthy), Marcel Marcel (Healthy), Dylan Coghlan (Healthy)

Los Angeles Kings

5 vs 5 Forward 
   Center                   Left Wing                Right Wing               Time % Phy DF OF 
 1 Seth Jarvis              Matthew Boldy            Andrei Svechnikov        30     1   2  2  
 2 Adam Fantilli            Logan Cooley             Morgan Geekie            30     1   2  2  
 3 Jansen Harkins           Andrei Kuzmenko          Evander Kane             25     1   2  2  
 4 Mikey Eyssimont          Alex Gallant             Cooper Marody            15     1   2  2  

5 vs 5 Defense 
   Defense                  Defense                                           Time % Phy DF OF 
 1 MacKenzie Weegar         K'Andre Miller                                    35     1   2  2  
 2 Brent Burns              Ryan Suter                                        35     1   2  2  
 3 Alexander Romanov        Owen Power                                        30     1   2  2  
 4 MacKenzie Weegar         K'Andre Miller                                    0      1   2  2  

PowerPlay Forward 
   Center                   Left Wing                Right Wing               Time % Phy DF OF 
 1 Seth Jarvis              Matthew Boldy            Andrei Svechnikov        50     1   2  2  
 2 Adam Fantilli            Logan Cooley             Morgan Geekie            50     1   2  2  

PowerPlay Defense
   Defense                  Defense                                           Time % Phy DF OF 
 1 MacKenzie Weegar         K'Andre Miller                                    50     1   2  2  
 2 Brent Burns              Ryan Suter                                        50     1   2  2  

Penalty Kill 4 Players Forward 
   Center                   Wing                     Time % Phy DF OF 
 1 Logan Cooley             Matthew Boldy            50     1   2  2  
 2 Andrei Svechnikov        Adam Fantilli            50     1   2  2  

Penalty Kill 4 Players Defense
   Defense                  Defense                  Time % Phy DF OF 
 1 MacKenzie Weegar         K'Andre Miller           50     1   2  2  
 2 Brent Burns              Ryan Suter               50     1   2  2  

Penalty Kill - 3 Players Forward 
   Forward                                           Time % Phy DF OF 
 1 Andrei Svechnikov                                 50     1   2  2  
 2 Matthew Boldy                                     50     1   2  2  

Penalty Kill - 3 Players Defense
   Defense                  Defense                  Time % Phy DF OF 
 1 MacKenzie Weegar         K'Andre Miller           50     1   2  2  
 2 Brent Burns              Ryan Suter               50     1   2  2  

4 vs 4 Forward 
   Center                   Wing                     Time % Phy DF OF 
 1 Andrei Kuzmenko          Matthew Boldy            50     1   2  2  
 2 Andrei Svechnikov        Adam Fantilli            50     1   2  2  

4 vs 4 Defense
   Defense                  Defense                  Time % Phy DF OF 
 1 MacKenzie Weegar         K'Andre Miller           50     1   2  2  
 2 Brent Burns              Ryan Suter               50     1   2  2  

Last Minutes Offensive
   Center                   Left Wing                Right Wing               Defense                  Defense                  
   Seth Jarvis              Matthew Boldy            Andrei Svechnikov        MacKenzie Weegar         K'Andre Miller           

Last Minutes Defensive
   Center                   Left Wing                Right Wing               Defense                  Defense                  
   Seth Jarvis              Matthew Boldy            Andrei Svechnikov        MacKenzie Weegar         K'Andre Miller           

Goaltenders
Starting : Andrei Vasilevskiy       
Backup : Carl Lindbom             

Extra Forwards
Normal : Andrei Kuzmenko, Jansen Harkins, Evander Kane - PP : Andrei Kuzmenko, Jansen Harkins - PK : Evander Kane
Extra Defensemen
Normal : Alexander Romanov, Owen Power, Brent Burns - PP : Alexander Romanov - PK : Owen Power, Brent Burns
Penalty Shots
Jansen Harkins, Matthew Boldy, Andrei Svechnikov, Adam Fantilli, Logan Cooley

Scratches
Jakub Zboril (Healthy), Vitali Kravtsov (Healthy)

% Time on Ice - Philadelphia Flyers

Lines # - Real PCT - Wanted PCT - Time Play
Normal Forward
1 - 25% - 25% - 11:17
2 - 24% - 25% - 10:49
3 - 25% - 25% - 11:29
4 - 25% - 25% - 11:28
Normal Defense
1 - 35% - 35% - 15:52
2 - 35% - 35% - 15:53
3 - 28% - 30% - 12:31
4 - 2% - 0% - 0:47
PP Forward
1 - 48% - 50% - 2:21
2 - 52% - 50% - 2:30
PP Defense
1 - 59% - 50% - 2:52
2 - 41% - 50% - 1:59
PK Forward
1 - 49% - 50% - 4:55
2 - 51% - 50% - 5:11
PK Defense
1 - 51% - 50% - 5:12
2 - 49% - 50% - 4:54
PK3 Forward
1 - 0% - 50%
2 - 0% - 50%
PK3 Defense
1 - 0% - 50%
2 - 0% - 50%
44 Forward
1 - 0% - 50%
2 - 0% - 50%
44 Defense
1 - 0% - 50%
2 - 0% - 50%
Last Minute Offensive  - 0:00
Last Minute Defensive  - 0:00
Total
Forward - 60:00
Defense - 60:00

% Time on Ice - Los Angeles Kings

Lines # - Real PCT - Wanted PCT - Time Play
Normal Forward
1 - 30% - 30% - 13:38
2 - 27% - 30% - 12:00
3 - 26% - 25% - 11:45
4 - 17% - 15% - 7:40
Normal Defense
1 - 36% - 35% - 16:01
2 - 35% - 35% - 15:44
3 - 30% - 30% - 13:18
4 - 0% - 0% - 0:00
PP Forward
1 - 49% - 50% - 4:58
2 - 51% - 50% - 5:08
PP Defense
1 - 49% - 50% - 4:58
2 - 51% - 50% - 5:08
PK Forward
1 - 43% - 50% - 2:06
2 - 57% - 50% - 2:45
PK Defense
1 - 53% - 50% - 2:33
2 - 47% - 50% - 2:18
PK3 Forward
1 - 0% - 50%
2 - 0% - 50%
PK3 Defense
1 - 0% - 50%
2 - 0% - 50%
44 Forward
1 - 0% - 50%
2 - 0% - 50%
44 Defense
1 - 0% - 50%
2 - 0% - 50%
Last Minute Offensive  - 0:00
Last Minute Defensive  - 0:00
Total
Forward - 60:00
Defense - 60:00

Play-by-Play

1st period


0:01 of 1st period - Seth Jarvis wins face-off versus Colton Sissons in neutral zone.
0:53 of 1st period - Snap shot by Mikey Eyssimont.
0:53 of 1st period - Stopped by Alexandar Georgiev without a rebound.
0:54 of 1st period - Radek Faksa wins face-off versus Cooper Marody in Philadelphia Flyers zone.
1:21 of 1st period - Owen Power is hit by Casey Cizikas and loses puck.
1:40 of 1st period - Snap shot by Adam Fantilli.
1:40 of 1st period - Stopped by Alexandar Georgiev with a rebound.
1:48 of 1st period - Alexander Romanov is hit by Brandon Duhaime.
2:24 of 1st period - Joel Edmundson is hit by Cooper Marody and loses puck.
2:54 of 1st period - Snap shot by Evander Kane.
2:54 of 1st period - Stopped by Alexandar Georgiev with a rebound.
3:14 of 1st period - Slapshot by Luca Del Bel Belluz.
3:14 of 1st period - Shot Misses the Net.
3:38 of 1st period - Logan Cooley is hit by Brandon Duhaime and loses puck.
3:51 of 1st period - Zac Jones is hit by Evander Kane and loses puck.
3:58 of 1st period - Snap shot by Juuso Parssinen.
3:58 of 1st period - Shot Blocked by K'Andre Miller.
4:43 of 1st period - Snap shot by Matthew Boldy.
4:43 of 1st period - Stopped by Alexandar Georgiev with a rebound.
5:26 of 1st period - Snap shot by Brandon Duhaime.
5:26 of 1st period - Stopped by Andrei Vasilevskiy with a rebound.
6:35 of 1st period - Snap shot by Jeff Skinner.
6:35 of 1st period - Stopped by Andrei Vasilevskiy without a rebound.
6:36 of 1st period - Cody Glass wins face-off versus Seth Jarvis in Los Angeles Kings zone.
6:49 of 1st period - Slapshot by Matthew Boldy.
6:49 of 1st period - Shot Misses the Net.
7:01 of 1st period - Brent Burns is hit by Cody Glass and loses puck.
7:14 of 1st period - Snap shot by Seth Jarvis.
7:14 of 1st period - Stopped by Alexandar Georgiev with a rebound.
7:20 of 1st period - Seth Jarvis is hit by Jeff Skinner and loses puck.
8:03 of 1st period - Snap shot by Cody Glass.
8:03 of 1st period - Shot Blocked by Ryan Suter.
8:05 of 1st period - Slapshot by Jeff Skinner.
8:05 of 1st period - Shot Misses the Net.
8:07 of 1st period - Snap shot by Brandon Duhaime.
8:07 of 1st period - Stopped by Andrei Vasilevskiy without a rebound.
8:08 of 1st period - Radek Faksa wins face-off versus Adam Fantilli in Los Angeles Kings zone.
8:19 of 1st period - Wrist shot by Miles Wood.
8:19 of 1st period - Shot Misses the Net.
8:21 of 1st period - Wrist shot by Radek Faksa.
8:21 of 1st period - Stopped by Andrei Vasilevskiy with a rebound.
8:23 of 1st period - Slapshot by J.J. Moser.
8:23 of 1st period - Shot Misses the Net.
8:33 of 1st period - Adam Fantilli is hit by Casey Cizikas and loses puck.
9:06 of 1st period - Slapshot by Thomas Novak.
9:06 of 1st period - Shot Misses the Net.
9:18 of 1st period - Alex Gallant is hit by Juuso Parssinen and loses puck.
11:16 of 1st period - K'Andre Miller is hit by Brandon Duhaime and loses puck.
11:27 of 1st period - Colton Sissons is hit by Alex Gallant.
11:55 of 1st period - Joel Edmundson is hit by Alexander Romanov and loses puck.
12:19 of 1st period - Logan Cooley is hit by Casey Cizikas and loses puck.
12:32 of 1st period - Wrist shot by Marcus Johansson.
12:32 of 1st period - Deflect By Thomas Novak.
12:32 of 1st period - Shot Misses the Net.
12:32 of 1st period - Puck is out of play.
12:33 of 1st period - Colton Sissons wins face-off versus Mikey Eyssimont in Los Angeles Kings zone.
12:36 of 1st period - Wrist shot by Marcus Johansson.
12:36 of 1st period - Shot Blocked by K'Andre Miller.
12:38 of 1st period - Slapshot by Colton Sissons.
12:38 of 1st period - Stopped by Andrei Vasilevskiy with a rebound.
12:42 of 1st period - Wrist shot by Thomas Novak.
12:42 of 1st period - Stopped by Andrei Vasilevskiy without a rebound.
12:43 of 1st period - Radek Faksa wins face-off versus Adam Fantilli in Los Angeles Kings zone.
12:46 of 1st period - Snap shot by Juuso Parssinen.
12:46 of 1st period - Stopped by Andrei Vasilevskiy without a rebound.
12:47 of 1st period - Radek Faksa wins face-off versus Adam Fantilli in Los Angeles Kings zone.
12:56 of 1st period - Snap shot by Juuso Parssinen.
12:56 of 1st period - Shot Misses the Net.
13:12 of 1st period - Jansen Harkins is hit by Colton Sissons.
13:19 of 1st period - Icing by J.J. Moser.
13:20 of 1st period - Adam Fantilli wins face-off versus Colton Sissons in Philadelphia Flyers zone.
13:52 of 1st period - Snap shot by Marcus Johansson.
13:52 of 1st period - Stopped by Andrei Vasilevskiy without a rebound.
13:53 of 1st period - Jansen Harkins wins face-off versus Luca Del Bel Belluz in Los Angeles Kings zone.
13:53 of 1st period - Jansen Harkins is hit by Jack McBain.
13:59 of 1st period - Wrist shot by Evander Kane.
13:59 of 1st period - Shot Misses the Net.
14:01 of 1st period - Snap shot by K'Andre Miller.
14:01 of 1st period - Stopped by Alexandar Georgiev with a rebound.
14:03 of 1st period - Slapshot by MacKenzie Weegar.
14:03 of 1st period - Shot Blocked by Casey Cizikas.
14:15 of 1st period - Slapshot by Evander Kane.
14:15 of 1st period - Stopped by Alexandar Georgiev without a rebound.
14:16 of 1st period - Radek Faksa wins face-off versus Seth Jarvis in Philadelphia Flyers zone.
15:03 of 1st period - MacKenzie Weegar is hit by Jack McBain and loses puck.
15:12 of 1st period - Wrist shot by Jack McBain.
15:12 of 1st period - Shot Blocked by MacKenzie Weegar.
15:14 of 1st period - Snap shot by Casey Cizikas.
15:14 of 1st period - Shot Blocked by MacKenzie Weegar.
15:16 of 1st period - Wrist shot by Will Borgen.
15:16 of 1st period - Shot Blocked by K'Andre Miller.
15:28 of 1st period - Nick Blankenburg is hit by Alex Gallant and loses puck.
16:46 of 1st period - Wrist shot by Thomas Novak.
16:46 of 1st period - Stopped by Andrei Vasilevskiy with a rebound.
16:48 of 1st period - Wrist shot by Thomas Novak.
16:48 of 1st period - Stopped by Andrei Vasilevskiy with a rebound.
16:50 of 1st period - Wrist shot by Colton Sissons.
16:50 of 1st period - Shot Misses the Net.
16:52 of 1st period - Wrist shot by Marcus Johansson.
16:52 of 1st period - Stopped by Andrei Vasilevskiy without a rebound.
16:53 of 1st period - Radek Faksa wins face-off versus Matthew Boldy in Los Angeles Kings zone.
17:06 of 1st period - Wrist shot by Juuso Parssinen.
17:06 of 1st period - Shot Blocked by Seth Jarvis.
17:08 of 1st period - Snap shot by J.J. Moser.
17:08 of 1st period - Deflect By Juuso Parssinen.
17:08 of 1st period - Shot Blocked by Ryan Suter.
17:08 of 1st period - Puck is out of play.
17:09 of 1st period - Adam Fantilli wins face-off versus Luca Del Bel Belluz in Los Angeles Kings zone.
17:36 of 1st period - Seth Jarvis is hit by Radek Faksa.
17:56 of 1st period - Wrist shot by Andrei Kuzmenko.
17:56 of 1st period - Goal by Andrei Kuzmenko - Philadelphia Flyers : 0 - Los Angeles Kings : 1.
17:57 of 1st period - Cody Glass wins face-off versus Adam Fantilli in neutral zone.
18:33 of 1st period - Snap shot by Miles Wood.
18:33 of 1st period - Stopped by Andrei Vasilevskiy with a rebound.
18:57 of 1st period - Snap shot by Luca Del Bel Belluz.
18:57 of 1st period - Shot Misses the Net.
19:11 of 1st period - Snap shot by Jack McBain.
19:11 of 1st period - Shot Misses the Net.
19:35 of 1st period - Snap shot by Jeff Skinner.
19:35 of 1st period - Stopped by Andrei Vasilevskiy without a rebound.
19:36 of 1st period - Cody Glass wins face-off versus Adam Fantilli in Los Angeles Kings zone.
Goals for this period are 0 for Philadelphia Flyers vs 1 for Los Angeles Kings.
Shots for this period are 13 for Philadelphia Flyers vs 8 for Los Angeles Kings.

2nd period


0:01 of 2nd period - Seth Jarvis wins face-off versus Radek Faksa in neutral zone.
0:10 of 2nd period - Seth Jarvis is hit by Louis Crevier and loses puck.
0:31 of 2nd period - Wrist shot by Adam Fantilli.
0:31 of 2nd period - Stopped by Alexandar Georgiev without a rebound.
0:32 of 2nd period - Adam Fantilli wins face-off versus Cody Glass in Philadelphia Flyers zone.
0:41 of 2nd period - Snap shot by Jeff Skinner.
0:41 of 2nd period - Shot Misses the Net.
0:49 of 2nd period - Adam Fantilli is hit by Joel Edmundson and loses puck.
0:59 of 2nd period - Icing by Logan Cooley.
1:00 of 2nd period - Casey Cizikas wins face-off versus Adam Fantilli in Los Angeles Kings zone.
1:05 of 2nd period - Wrist shot by Jack McBain.
1:05 of 2nd period - Stopped by Andrei Vasilevskiy with a rebound.
1:43 of 2nd period - Wrist shot by Matthew Boldy.
1:43 of 2nd period - Stopped by Alexandar Georgiev without a rebound.
1:44 of 2nd period - Cody Glass wins face-off versus Jansen Harkins in Philadelphia Flyers zone.
2:09 of 2nd period - Matthew Boldy is hit by Louis Crevier.
2:18 of 2nd period - Wrist shot by Jack McBain.
2:18 of 2nd period - Shot Blocked by Seth Jarvis.
2:20 of 2nd period - Wrist shot by Jack McBain.
2:20 of 2nd period - Stopped by Andrei Vasilevskiy without a rebound.
2:21 of 2nd period - Radek Faksa wins face-off versus Jansen Harkins in Los Angeles Kings zone.
2:30 of 2nd period - Snap shot by Miles Wood.
2:30 of 2nd period - Stopped by Andrei Vasilevskiy without a rebound.
2:31 of 2nd period - Radek Faksa wins face-off versus Jansen Harkins in Los Angeles Kings zone.
2:32 of 2nd period - Wrist shot by Miles Wood.
2:32 of 2nd period - Stopped by Andrei Vasilevskiy without a rebound.
2:33 of 2nd period - Radek Faksa wins face-off versus Seth Jarvis in Los Angeles Kings zone.
2:42 of 2nd period - Slapshot by Miles Wood.
2:42 of 2nd period - Stopped by Andrei Vasilevskiy without a rebound.
2:43 of 2nd period - Radek Faksa wins face-off versus Seth Jarvis in Los Angeles Kings zone.
3:11 of 2nd period - Minor Penalty to Miles Wood for Holding.
3:12 of 2nd period - Colton Sissons wins face-off versus Adam Fantilli in Philadelphia Flyers zone.
3:23 of 2nd period - Wrist shot by Morgan Geekie.
3:23 of 2nd period - Deflect By Adam Fantilli.
3:23 of 2nd period - Shot Misses the Net.
3:23 of 2nd period - Puck is out of play.
3:24 of 2nd period - Seth Jarvis wins face-off versus Jack McBain in Philadelphia Flyers zone.
4:13 of 2nd period - Andrei Svechnikov is hit by Jack McBain and loses puck.
5:11 of 2nd period - Penalty to Miles Wood is over, Miles Wood is back on ice.
5:13 of 2nd period - Matthew Boldy is hit by Miles Wood and loses puck.
5:20 of 2nd period - Snap shot by Jack McBain.
5:20 of 2nd period - Shot Misses the Net.
5:28 of 2nd period - Snap shot by Miles Wood.
5:28 of 2nd period - Stopped by Andrei Vasilevskiy with a rebound.
6:05 of 2nd period - Snap shot by Jack McBain.
6:05 of 2nd period - Shot Misses the Net.
6:07 of 2nd period - Slapshot by Nick Blankenburg.
6:07 of 2nd period - Shot Blocked by Brent Burns.
6:09 of 2nd period - Snap shot by Louis Crevier.
6:09 of 2nd period - Stopped by Andrei Vasilevskiy without a rebound.
6:10 of 2nd period - Cody Glass wins face-off versus Jansen Harkins in Los Angeles Kings zone.
6:11 of 2nd period - Snap shot by Jeff Skinner.
6:11 of 2nd period - Stopped by Andrei Vasilevskiy without a rebound.
6:12 of 2nd period - Jansen Harkins wins face-off versus Brandon Duhaime in Los Angeles Kings zone.
6:49 of 2nd period - Snap shot by Cody Glass.
6:49 of 2nd period - Stopped by Andrei Vasilevskiy without a rebound.
6:50 of 2nd period - Colton Sissons wins face-off versus Adam Fantilli in Los Angeles Kings zone.
7:05 of 2nd period - Marcus Johansson is hit by Logan Cooley and loses puck.
7:38 of 2nd period - Snap shot by Evander Kane.
7:38 of 2nd period - Shot Misses the Net.
7:40 of 2nd period - Slapshot by Ryan Suter.
7:40 of 2nd period - Deflect By Zac Jones.
7:40 of 2nd period - Stopped by Alexandar Georgiev with a rebound.
7:48 of 2nd period - Wrist shot by Mikey Eyssimont.
7:48 of 2nd period - Deflect By Cooper Marody.
7:48 of 2nd period - Shot Blocked by Cody Glass.
7:48 of 2nd period - Puck is out of play.
7:49 of 2nd period - Adam Fantilli wins face-off versus Thomas Novak in Philadelphia Flyers zone.
8:00 of 2nd period - Slapshot by Morgan Geekie.
8:00 of 2nd period - Deflect By Logan Cooley.
8:00 of 2nd period - Shot Blocked by J.J. Moser.
8:00 of 2nd period - Puck is out of play.
8:01 of 2nd period - Luca Del Bel Belluz wins face-off versus Adam Fantilli in Philadelphia Flyers zone.
8:10 of 2nd period - Slapshot by Logan Cooley.
8:10 of 2nd period - Shot Blocked by Jack McBain.
8:33 of 2nd period - Slapshot by Evander Kane.
8:33 of 2nd period - Shot Blocked by Colton Sissons.
8:35 of 2nd period - Snap shot by Jansen Harkins.
8:35 of 2nd period - Stopped by Alexandar Georgiev with a rebound.
8:37 of 2nd period - Slapshot by Alexander Romanov.
8:37 of 2nd period - Stopped by Alexandar Georgiev without a rebound.
8:38 of 2nd period - Radek Faksa wins face-off versus Seth Jarvis in Philadelphia Flyers zone.
9:05 of 2nd period - Slapshot by Adam Fantilli.
9:05 of 2nd period - Shot Misses the Net.
9:07 of 2nd period - Wrist shot by Alexander Romanov.
9:07 of 2nd period - Stopped by Alexandar Georgiev without a rebound.
9:08 of 2nd period - Luca Del Bel Belluz wins face-off versus Adam Fantilli in Philadelphia Flyers zone.
9:08 of 2nd period - Luca Del Bel Belluz is hit by K'Andre Miller.
9:30 of 2nd period - Minor Penalty to K'Andre Miller for Interference.
9:31 of 2nd period - Logan Cooley wins face-off versus Luca Del Bel Belluz in Los Angeles Kings zone.
9:40 of 2nd period - Andrei Svechnikov is hit by Luca Del Bel Belluz and loses puck.
10:07 of 2nd period - Snap shot by Jeff Skinner.
10:07 of 2nd period - Shot Misses the Net.
10:23 of 2nd period - Snap shot by Colton Sissons.
10:23 of 2nd period - Goal by Colton Sissons - Philadelphia Flyers : 1 - Los Angeles Kings : 1.
10:24 of 2nd period - Jansen Harkins wins face-off versus Luca Del Bel Belluz in neutral zone.
10:35 of 2nd period - Evander Kane is hit by Luca Del Bel Belluz and loses puck.
10:43 of 2nd period - Minor Penalty to Jack McBain for High sticking.
10:44 of 2nd period - Seth Jarvis wins face-off versus Colton Sissons in Philadelphia Flyers zone.
10:48 of 2nd period - Slapshot by Matthew Boldy.
10:48 of 2nd period - Shot Misses the Net.
10:54 of 2nd period - Snap shot by Andrei Svechnikov.
10:54 of 2nd period - Goal by Andrei Svechnikov - Philadelphia Flyers : 1 - Los Angeles Kings : 2.
10:55 of 2nd period - Colton Sissons wins face-off versus Adam Fantilli in neutral zone.
11:08 of 2nd period - Slapshot by Logan Cooley.
11:08 of 2nd period - Shot Misses the Net.
11:21 of 2nd period - Minor Penalty to Evander Kane for Slashing.
11:22 of 2nd period - Logan Cooley wins face-off versus Luca Del Bel Belluz in Los Angeles Kings zone.
11:31 of 2nd period - Ryan Suter is hit by Luca Del Bel Belluz and loses puck.
12:28 of 2nd period - Icing by Cody Glass.
12:29 of 2nd period - Cody Glass wins face-off versus Andrei Svechnikov in Philadelphia Flyers zone.
13:08 of 2nd period - Off-side.
13:09 of 2nd period - Luca Del Bel Belluz wins face-off versus Logan Cooley in neutral zone.
13:14 of 2nd period - Slapshot by Luca Del Bel Belluz.
13:14 of 2nd period - Shot Misses the Net.
13:21 of 2nd period - Penalty to Evander Kane is over, Evander Kane is back on ice.
13:52 of 2nd period - Wrist shot by Jansen Harkins.
13:52 of 2nd period - Stopped by Alexandar Georgiev with a rebound.
13:54 of 2nd period - Snap shot by Jansen Harkins.
13:54 of 2nd period - Stopped by Alexandar Georgiev with a rebound.
14:30 of 2nd period - Louis Crevier is hit by Alexander Romanov and loses puck.
14:37 of 2nd period - Logan Cooley is hit by Colton Sissons and loses puck.
14:48 of 2nd period - Wrist shot by Miles Wood.
14:48 of 2nd period - Shot Blocked by Owen Power.
14:50 of 2nd period - Wrist shot by Radek Faksa.
14:50 of 2nd period - Shot Misses the Net.
14:52 of 2nd period - Slapshot by Zac Jones.
14:52 of 2nd period - Stopped by Andrei Vasilevskiy without a rebound.
14:53 of 2nd period - Cooper Marody wins face-off versus Luca Del Bel Belluz in Los Angeles Kings zone.
14:53 of 2nd period - Cooper Marody is hit by Casey Cizikas.
15:07 of 2nd period - Snap shot by Jack McBain.
15:07 of 2nd period - Stopped by Andrei Vasilevskiy with a rebound.
15:42 of 2nd period - Off-side.
15:43 of 2nd period - Radek Faksa wins face-off versus Seth Jarvis in neutral zone.
16:08 of 2nd period - Joel Edmundson is hit by Adam Fantilli and loses puck.
17:23 of 2nd period - Snap shot by Seth Jarvis.
17:23 of 2nd period - Stopped by Alexandar Georgiev without a rebound.
17:24 of 2nd period - Luca Del Bel Belluz wins face-off versus Adam Fantilli in Philadelphia Flyers zone.
17:24 of 2nd period - Luca Del Bel Belluz is hit by Logan Cooley.
17:32 of 2nd period - Snap shot by Jack McBain.
17:32 of 2nd period - Stopped by Andrei Vasilevskiy with a rebound.
17:34 of 2nd period - Snap shot by Zac Jones.
17:34 of 2nd period - Stopped by Andrei Vasilevskiy without a rebound.
17:35 of 2nd period - Colton Sissons wins face-off versus Adam Fantilli in Los Angeles Kings zone.
17:38 of 2nd period - Slapshot by Marcus Johansson.
17:38 of 2nd period - Stopped by Andrei Vasilevskiy with a rebound.
17:46 of 2nd period - Slapshot by Logan Cooley.
17:46 of 2nd period - Stopped by Alexandar Georgiev with a rebound.
17:48 of 2nd period - Slapshot by MacKenzie Weegar.
17:48 of 2nd period - Stopped by Alexandar Georgiev with a rebound.
17:50 of 2nd period - Snap shot by Logan Cooley.
17:50 of 2nd period - Stopped by Alexandar Georgiev without a rebound.
17:51 of 2nd period - Luca Del Bel Belluz wins face-off versus Jansen Harkins in Philadelphia Flyers zone.
18:02 of 2nd period - Wrist shot by Luca Del Bel Belluz.
18:02 of 2nd period - Shot Blocked by Jansen Harkins.
18:36 of 2nd period - Minor Penalty to J.J. Moser for Roughing.
18:37 of 2nd period - Adam Fantilli wins face-off versus Colton Sissons in Philadelphia Flyers zone.
18:44 of 2nd period - Backhand shot by Logan Cooley.
18:44 of 2nd period - Stopped by Alexandar Georgiev with a rebound.
18:46 of 2nd period - Slapshot by Brent Burns.
18:46 of 2nd period - Shot Misses the Net.
18:48 of 2nd period - Wrist shot by Morgan Geekie.
18:48 of 2nd period - Stopped by Alexandar Georgiev without a rebound.
18:49 of 2nd period - Seth Jarvis wins face-off versus Radek Faksa in Philadelphia Flyers zone.
18:58 of 2nd period - Snap shot by Jack McBain.
18:58 of 2nd period - Shot Misses the Net.
19:00 of 2nd period - Snap shot by Radek Faksa.
19:00 of 2nd period - Shot Blocked by K'Andre Miller.
19:24 of 2nd period - Colton Sissons is hit by Morgan Geekie and loses puck.
19:55 of 2nd period - Jack McBain is hit by Morgan Geekie and loses puck.
Goals for this period are 1 for Philadelphia Flyers vs 1 for Los Angeles Kings.
Shots for this period are 15 for Philadelphia Flyers vs 15 for Los Angeles Kings.

3rd period


0:01 of 3rd period - Seth Jarvis wins face-off versus Radek Faksa in neutral zone.
0:36 of 3rd period - Penalty to J.J. Moser is over, J.J. Moser is back on ice.
1:19 of 3rd period - Slapshot by Owen Power.
1:19 of 3rd period - Shot Blocked by J.J. Moser.
2:02 of 3rd period - Off-side.
2:03 of 3rd period - Thomas Novak wins face-off versus Adam Fantilli in neutral zone.
2:52 of 3rd period - Snap shot by Matthew Boldy.
2:52 of 3rd period - Deflect By Andrei Svechnikov.
2:52 of 3rd period - Shot Blocked by Louis Crevier.
2:52 of 3rd period - Puck is out of play.
2:53 of 3rd period - Radek Faksa wins face-off versus Seth Jarvis in Philadelphia Flyers zone.
3:48 of 3rd period - Snap shot by Marcus Johansson.
3:48 of 3rd period - Stopped by Andrei Vasilevskiy without a rebound.
3:49 of 3rd period - Colton Sissons wins face-off versus Seth Jarvis in Los Angeles Kings zone.
3:55 of 3rd period - Minor Penalty to Andrei Svechnikov for Tripping.
3:56 of 3rd period - Logan Cooley wins face-off versus Cody Glass in Los Angeles Kings zone.
4:25 of 3rd period - Slapshot by Joel Edmundson.
4:25 of 3rd period - Stopped by Andrei Vasilevskiy without a rebound.
4:26 of 3rd period - Logan Cooley wins face-off versus Luca Del Bel Belluz in Los Angeles Kings zone.
4:53 of 3rd period - Colton Sissons is hit by K'Andre Miller and loses puck.
5:55 of 3rd period - Penalty to Andrei Svechnikov is over, Andrei Svechnikov is back on ice.
5:58 of 3rd period - MacKenzie Weegar is hit by Miles Wood and loses puck.
6:03 of 3rd period - Snap shot by Miles Wood.
6:03 of 3rd period - Stopped by Andrei Vasilevskiy with a rebound.
6:07 of 3rd period - Snap shot by Miles Wood.
6:07 of 3rd period - Shot Blocked by Andrei Svechnikov.
6:09 of 3rd period - Slapshot by Radek Faksa.
6:09 of 3rd period - Shot Blocked by K'Andre Miller.
6:11 of 3rd period - Slapshot by Zac Jones.
6:11 of 3rd period - Stopped by Andrei Vasilevskiy with a rebound.
6:23 of 3rd period - Snap shot by K'Andre Miller.
6:23 of 3rd period - Shot Misses the Net.
6:25 of 3rd period - Minor Penalty to Casey Cizikas for Hooking.
6:26 of 3rd period - Colton Sissons wins face-off versus Seth Jarvis in Philadelphia Flyers zone.
6:26 of 3rd period - Colton Sissons is hit by Brent Burns.
6:36 of 3rd period - Wrist shot by Andrei Svechnikov.
6:36 of 3rd period - Shot Misses the Net.
6:38 of 3rd period - Wrist shot by Brent Burns.
6:38 of 3rd period - Stopped by Alexandar Georgiev with a rebound.
6:40 of 3rd period - Slapshot by Matthew Boldy.
6:40 of 3rd period - Stopped by Alexandar Georgiev without a rebound.
6:41 of 3rd period - Colton Sissons wins face-off versus Seth Jarvis in Philadelphia Flyers zone.
6:54 of 3rd period - Snap shot by Seth Jarvis.
6:54 of 3rd period - Shot Blocked by Nick Blankenburg.
7:34 of 3rd period - Slapshot by Adam Fantilli.
7:34 of 3rd period - Shot Misses the Net.
7:36 of 3rd period - Slapshot by Morgan Geekie.
7:36 of 3rd period - Stopped by Alexandar Georgiev with a rebound.
7:38 of 3rd period - Snap shot by Ryan Suter.
7:38 of 3rd period - Shot Blocked by Will Borgen.
7:40 of 3rd period - Wrist shot by Logan Cooley.
7:40 of 3rd period - Stopped by Alexandar Georgiev without a rebound.
7:41 of 3rd period - Radek Faksa wins face-off versus Seth Jarvis in Philadelphia Flyers zone.
8:25 of 3rd period - Penalty to Casey Cizikas is over, Casey Cizikas is back on ice.
8:30 of 3rd period - Off-side.
8:31 of 3rd period - Luca Del Bel Belluz wins face-off versus Jansen Harkins in neutral zone.
8:34 of 3rd period - Evander Kane is hit by Zac Jones and loses puck.
9:18 of 3rd period - Slapshot by Morgan Geekie.
9:18 of 3rd period - Shot Misses the Net.
9:24 of 3rd period - Snap shot by Morgan Geekie.
9:24 of 3rd period - Shot Blocked by Cody Glass.
9:30 of 3rd period - Minor Penalty to Brandon Duhaime for Diving.
9:31 of 3rd period - Colton Sissons wins face-off versus Adam Fantilli in Philadelphia Flyers zone.
9:37 of 3rd period - Icing by Morgan Geekie.
9:38 of 3rd period - Radek Faksa wins face-off versus Adam Fantilli in Los Angeles Kings zone.
9:52 of 3rd period - Icing by K'Andre Miller.
9:53 of 3rd period - Colton Sissons wins face-off versus Adam Fantilli in Los Angeles Kings zone.
10:04 of 3rd period - Snap shot by Logan Cooley.
10:04 of 3rd period - Deflect By Adam Fantilli.
10:04 of 3rd period - Stopped by Alexandar Georgiev without a rebound.
10:05 of 3rd period - Juuso Parssinen wins face-off versus Seth Jarvis in Philadelphia Flyers zone.
10:05 of 3rd period - Juuso Parssinen is hit by MacKenzie Weegar.
10:15 of 3rd period - Slapshot by MacKenzie Weegar.
10:15 of 3rd period - Shot Blocked by Jack McBain.
10:17 of 3rd period - Slapshot by MacKenzie Weegar.
10:17 of 3rd period - Stopped by Alexandar Georgiev with a rebound.
10:19 of 3rd period - Slapshot by K'Andre Miller.
10:19 of 3rd period - Stopped by Alexandar Georgiev with a rebound.
10:21 of 3rd period - Snap shot by Seth Jarvis.
10:21 of 3rd period - Shot Blocked by Nick Blankenburg.
11:18 of 3rd period - Jack McBain is hit by Seth Jarvis.
11:30 of 3rd period - Penalty to Brandon Duhaime is over, Brandon Duhaime is back on ice.
12:03 of 3rd period - Wrist shot by Colton Sissons.
12:03 of 3rd period - Stopped by Andrei Vasilevskiy with a rebound.
12:14 of 3rd period - Minor Penalty to Casey Cizikas for Hooking.
12:15 of 3rd period - Radek Faksa wins face-off versus Seth Jarvis in Philadelphia Flyers zone.
12:32 of 3rd period - Matthew Boldy is hit by Colton Sissons and loses puck.
13:30 of 3rd period - Icing by Andrei Svechnikov.
13:31 of 3rd period - Matthew Boldy wins face-off versus Radek Faksa in Los Angeles Kings zone.
14:14 of 3rd period - Penalty to Casey Cizikas is over, Casey Cizikas is back on ice.
14:21 of 3rd period - Louis Crevier is hit by Morgan Geekie and loses puck.
14:36 of 3rd period - Slapshot by Nick Blankenburg.
14:36 of 3rd period - Deflect By Jeff Skinner.
14:36 of 3rd period - Shot Misses the Net.
14:36 of 3rd period - Puck is out of play.
14:37 of 3rd period - Jansen Harkins wins face-off versus Cody Glass in Los Angeles Kings zone.
14:37 of 3rd period - Jansen Harkins is hit by Jeff Skinner.
14:45 of 3rd period - Slapshot by Jansen Harkins.
14:45 of 3rd period - Stopped by Alexandar Georgiev with a rebound.
14:47 of 3rd period - Wrist shot by Andrei Kuzmenko.
14:47 of 3rd period - Deflect By Evander Kane.
14:47 of 3rd period - Stopped by Alexandar Georgiev without a rebound.
14:48 of 3rd period - Colton Sissons wins face-off versus Seth Jarvis in Philadelphia Flyers zone.
15:24 of 3rd period - Philadelphia Flyers, Alexandar Georgiev is pulled from the net.
15:38 of 3rd period - Snap shot by Mikey Eyssimont.
15:38 of 3rd period - Goal by Mikey Eyssimont - Philadelphia Flyers : 1 - Los Angeles Kings : 3.
15:38 of 3rd period - Alexandar Georgiev from Philadelphia Flyers was sent back in the game.
15:39 of 3rd period - Luca Del Bel Belluz wins face-off versus Jansen Harkins in neutral zone.
16:04 of 3rd period - Nick Blankenburg is hit by Brent Burns and loses puck.
16:09 of 3rd period - Slapshot by MacKenzie Weegar.
16:09 of 3rd period - Stopped by Alexandar Georgiev with a rebound.
16:11 of 3rd period - Slapshot by MacKenzie Weegar.
16:11 of 3rd period - Stopped by Alexandar Georgiev with a rebound.
16:13 of 3rd period - Slapshot by K'Andre Miller.
16:13 of 3rd period - Stopped by Alexandar Georgiev without a rebound.
16:14 of 3rd period - Luca Del Bel Belluz wins face-off versus Mikey Eyssimont in Philadelphia Flyers zone.
16:19 of 3rd period - Alex Gallant is hit by Luca Del Bel Belluz and loses puck.
16:26 of 3rd period - Slapshot by Luca Del Bel Belluz.
16:26 of 3rd period - Stopped by Andrei Vasilevskiy without a rebound.
16:27 of 3rd period - Jansen Harkins wins face-off versus Luca Del Bel Belluz in Los Angeles Kings zone.
16:38 of 3rd period - Snap shot by Evander Kane.
16:38 of 3rd period - Shot Misses the Net.
16:42 of 3rd period - Snap shot by Andrei Kuzmenko.
16:42 of 3rd period - Shot Blocked by Will Borgen.
17:14 of 3rd period - Wrist shot by Seth Jarvis.
17:14 of 3rd period - Shot Misses the Net.
17:24 of 3rd period - Matthew Boldy is hit by Nick Blankenburg and loses puck.
17:39 of 3rd period - Wrist shot by Morgan Geekie.
17:39 of 3rd period - Deflect By Adam Fantilli.
17:39 of 3rd period - Stopped by Alexandar Georgiev with a rebound.
18:08 of 3rd period - Wrist shot by Radek Faksa.
18:08 of 3rd period - Stopped by Andrei Vasilevskiy with a rebound.
18:24 of 3rd period - Snap shot by Jack McBain.
18:24 of 3rd period - Stopped by Andrei Vasilevskiy with a rebound.
Goals for this period are 0 for Philadelphia Flyers vs 1 for Los Angeles Kings.
Shots for this period are 8 for Philadelphia Flyers vs 14 for Los Angeles Kings.